Map: [ESL] NeoHumanity

Players

Astrea

  • Race: Protoss Protoss
  • Spawn Location: 11:00

trigger - Winner!

  • Race: Protoss Protoss
  • Spawn Location: 5:00

Event: ESL SC2 Masters 2023 Summer (Regionals)

VOD

Have the link to the VOD?

Description

Time

  • Played on: May 18, 2023, 4:02 p.m.
  • Length: 5:50

All games in this series

Show
View Real Time Build Order
Export as new Build Order

Astrea Protoss 

Build Orders: 1 Gate Expand 

Get SALT Encoding   

  12  0:00  Probe  
  13  0:12  Probe  
  14  0:17  Pylon  
  14  0:24  Probe (Chrono Boost)  
  16  0:36  Probe (Chrono Boost), Gateway  
  16  0:43  Probe (Chrono Boost)  
  16  0:46  Assimilator  
  17  0:51  Probe  
  18  1:03  Probe  
  19  1:15  Probe  
  20  1:22  Nexus  
  20  1:27  Probe  
  21  1:35  Cybernetics Core  
  21  1:42  Assimilator  
  21  1:43  Probe  
  22  1:51  Pylon  
  22  1:55  Probe  
  23  2:09  Probe, Stalker (Chrono Boost)  
  23  2:14  Warp Gate  
  26  2:22  Robotics Facility  
  26  2:30  Probe  
  26  2:33  Stalker (Chrono Boost)  
  29  2:39  Shield Battery  
  30  2:55  Gateway  
  30  2:57  Probe  
  30  3:02  Stalker (Chrono Boost)  
  31  3:10  Pylon  
  30  3:21  Immortal (Chrono Boost)  
  34  3:48  Shield Battery  
  34  3:50  Immortal (Chrono Boost)  
  37  4:00  Shield Battery  
  37  4:06  Adept x2  
  39  4:11  Pylon  
  39  4:15  Pylon  
  39  4:29  Warp Prism (Chrono Boost)  
  39  4:36  Sentry x2  
  37  4:56  Probe  
  37  4:59  Immortal (Chrono Boost)  
  42  5:17  Pylon  
  40  5:25  Stalker  
Show
View Real Time Build Order
Export as new Build Order

trigger Protoss - Winner!

Build Orders:  

Get SALT Encoding   

  12  0:00  Probe  
  13  0:12  Probe  
  14  0:17  Pylon  
  14  0:24  Probe (Chrono Boost)  
  16  0:37  Probe (Chrono Boost), Gateway  
  16  0:41  Probe (Chrono Boost)  
  16  0:45  Assimilator  
  17  0:53  Probe  
  17  0:54  Assimilator  
  18  1:05  Probe (Chrono Boost)  
  18  1:09  Gateway  
  19  1:14  Probe (Chrono Boost)  
  20  1:19  Probe (Chrono Boost)  
  21  1:25  Cybernetics Core  
  21  1:31  Probe  
  22  1:36  Pylon  
  22  1:43  Probe  
  23  1:51  Pylon  
  23  2:00  Warp Gate (Chrono Boost)  
  23  2:02  Adept x2  
  23  2:05  Probe  
  28  2:18  Gateway  
  28  2:27  Robotics Facility  
  28  2:36  Stalker  
  30  2:41  Stalker  
  31  3:08  Pylon  
  33  3:16  Stalker  
  37  3:22  Immortal (Chrono Boost)  
  37  3:26  Pylon  
  36  3:34  Pylon  
  36  3:44  Stalker  
  36  3:45  Stalker  
  38  3:56  Stalker  
  38  4:09  Immortal  
  40  4:13  Sentry  
  42  4:19  Adept  
  42  4:44  Sentry x2  
  46  4:48  Warp Prism (Chrono Boost)  
  46  4:49  Adept  
  48  5:10  Adept x3  
  48  5:38  Adept  
  46  5:46  Adept x2  
Tags
 
Add a new tag
Caveats
  • Supply blocks, unpowered buildings, or Contaminate may cause inaccurate times.
  • Supply counts are checked every 10 seconds.